 Dungeon Crawl Stone Soup version 0.32-a0-350-g4f4d228785 (webtiles) character file.

Game seed: 7665324638046775423

19917 Pooter the Severer (level 12, -5/112 HPs)
             Began as a Minotaur Monk on Feb 17, 2024.
             Was a Priest of Beogh.
             Slain by Rupert
             ... wielding a +3 battleaxe of pain
              (7 damage)
             ... on level 3 of the Lair of Beasts on Feb 18, 2024.
             The game lasted 01:22:08 (14210 turns).

Pooter the Severer (Minotaur Monk)                 Turns: 14210, Time: 01:22:10

Health: -5/112     AC: 20    Str: 21    XL:     12   Next: 40%
Magic:  19/19      EV:  5    Int: 11    God:    Beogh [***...]
Gold:   555        SH:  8    Dex: 13    Spells: 11/11 levels left

rFire   . . .        a - +0 war axe (heavy)
rCold   . . .        s - +0 kite shield
rNeg    . . .        l - +0 plate armour
rPois   +            W - +2 hat
rElec   +            A - +0 cloak
rCorr   .            p - +0 pair of gloves
SInv    .            T - +1 pair of boots
Will    +....        V - amulet of regeneration Stlth
                     S - +4 ring of slaying
HPRegen 1.18/turn    K - ring of Hovoty {rElec rPois Will+ AC+4 Int+4}
MPRegen 0.16/turn

%: no passive effects
@: silenced, studying Maces & Flails
A: horns 2, retaliatory headbutt
a: Renounce Religion


You were on level 3 of the Lair of Beasts.
You worshipped Beogh.
Beogh was most pleased with you.
You visited 2 branches of the dungeon, and saw 14 of its levels.

You collected 847 gold pieces.
You spent 292 gold pieces at shops.

Inventory:

Hand Weapons
 a - a +0 heavy war axe (weapon)
   (You found it on level 6 of the Dungeon)
 h - a +3 trident of venom
   (You took it off a gnoll sergeant on level 6 of the Dungeon)
 Y - a +1 scimitar of flaming
   (You took it off Erica on level 1 of the Lair of Beasts)
Missiles
 b - 14 poisoned darts
 o - 6 boomerangs (quivered)
 v - 3 javelins
 H - 3 throwing nets {!f}
Armour
 l - a +0 plate armour (worn)
   (You found it on level 2 of the Dungeon)
 p - a +0 pair of gloves (worn)
   (You found it on level 4 of the Dungeon)
 s - a +0 kite shield (worn)
   (You found it on level 4 of the Dungeon)
 z - an orb of light
 A - a +0 cloak (worn)
   (You took it off Crazy Yiuf on level 5 of the Dungeon)
 T - a +1 pair of boots (worn)
   (You found it on level 10 of the Dungeon)
 W - a +2 hat (worn)
   (You found it on level 1 of the Lair of Beasts)
Jewellery
 m - a +5 ring of evasion
   (You found it on level 10 of the Dungeon)
 r - the ring of Ufremis {^Drain rPois rN+ Str+4 Int-2}
   (You found it on level 4 of the Dungeon)

   [ring of positive energy]

   Str+4:     It affects your strength (+4).
   Int-2:     It affects your intelligence (-2).
   rPois:     It protects you from poison rN+: It protects you from negative
   energy.
   ^Drain:    It drains your maximum health when unequipped.
 C - a ring of resist corrosion
   (You found it on level 9 of the Dungeon)
 K - the ring of Hovoty (right hand) {rElec rPois Will+ AC+4 Int+4}
   (You acquired it on level 7 of the Dungeon)

   [ring of protection]

   AC+4:      It affects your AC (+4).
   Int+4:     It affects your intelligence (+4).
   rElec:     It insulates you from electricity.
   rPois:     It protects you from poison Will+: It increases your willpower.
 N - a ring of positive energy
   (You found it on level 7 of the Dungeon)
 O - an amulet of the acrobat
   (You found it on level 2 of the Lair of Beasts)
 P - a ring of poison resistance
   (You found it on level 2 of the Dungeon)
 S - a +4 ring of slaying (left hand)
   (You found it on level 10 of the Dungeon)
 V - an amulet of regeneration (around neck)
   (You found it on level 1 of the Lair of Beasts)
 X - a ring of ice
   (You took it off Erica on level 1 of the Lair of Beasts)
Wands
 d - a wand of iceblast (13)
   (You found it on level 6 of the Dungeon)
 f - a wand of flame (30)
   (You took it off Sigmund on level 5 of the Dungeon)
 u - a wand of paralysis (14)
   (You found it on level 9 of the Dungeon)
 x - a wand of acid (13)
   (You found it on level 7 of the Dungeon)
Scrolls
 g - 2 scrolls of noise {!r}
 i - a scroll of identify {@r1}
 j - 3 scrolls of blinking
 t - 7 scrolls of teleportation {@r4}
 y - 3 scrolls of vulnerability {!r}
 D - 2 scrolls of fear
 F - 2 scrolls of poison
 G - a scroll of fog
Potions
 c - 3 potions of ambrosia
 e - 3 potions of attraction {!q}
 k - a potion of might
 n - 4 potions of curing {@q1}
 q - 3 potions of lignification {!q}
 w - a potion of berserk rage
 B - 5 potions of haste {@q3}
 E - a potion of heal wounds {@q2}
 J - a potion of brilliance
 L - a potion of cancellation
 M - a potion of invisibility
 R - a potion of magic
 U - a potion of mutation {!q}
Miscellaneous
 Q - a condenser vane
   (You found it on level 2 of the Lair of Beasts)
 Z - a phial of floods
   (You found it on level 2 of the Lair of Beasts)


   Skills:
 + Level 12.2 Fighting
 - Level 16.0 Axes
 + Level 3.8 Throwing
 + Level 4.1 Dodging
 + Level 2.4 Shields
 + Level 11.4 Invocations
 + Level 1.6 Evocations


You had 11 spell levels left.
You didn't know any spells.
Your spell library contained the following spells:

 Spells                   Type           Power      Damage    Failure   Level
 Slow                     Hex            0%         N/A       100%        1
 Blink                    Tloc           0%         N/A       100%        2
 Lesser Beckoning         Tloc           0%         N/A       100%        2
 Momentum Strike          Conj/Tloc      0%         3d8       100%        2
 Confusing Touch          Hex            0%         N/A       100%        3
 Ozocubu's Armour         Ice            0%         N/A       100%        3
 Sigil of Binding         Hex            0%         N/A       100%        3
 Vampiric Draining        Necr           0%         2d6       100%        3
 Anguish                  Hex/Necr       0%         N/A       100%        4
 Cause Fear               Hex            0%         N/A       100%        4
 Fireball                 Conj/Fire      0%         3d3       100%        5
 Metabolic Englaciation   Hex/Ice        0%         N/A       100%        5
 Sculpt Simulacrum        Ice/Alch       0%         N/A       100%        6
 Enfeeble                 Hex            0%         N/A       100%        7
 Malign Gateway           Summ/Tloc      0%         N/A       100%        7
 Summon Horrible Things   Summ           0%         N/A       100%        8
 Dragon's Call            Summ           0%         N/A       100%        9


Dungeon Overview and Level Annotations

Branches:
Dungeon (11/15) Zot: 26153  Temple (0/1) D:4            Lair (3/5) D:9 Zot: 15629
 Spider (0/4) Lair:2          Orc (0/2) D:10
  Swamp: Lair:2-3    Shoals: Lair:2-3

Altars:
Ashenzari
Cheibriados
Dithmenos
Elyvilon
Kikubaaqudgha
Makhleb
Nemelex Xobeh
Okawaru
Qazlal
Uskayaw
Wu Jian
Yredelemnul
Zin
The Shining One
Beogh

Shops:
D:6 *   D:7 ?

Annotations:
Lair:3 Rupert


Innate Abilities, Weirdness & Mutations

Your facial features are unmistakably orcish.
You have a pair of horns on your head.
You reflexively headbutt those who attack you in melee.


Message History

The zap hits the bullfrog!
You slice the bullfrog!!
You kill the bullfrog!
Beogh accepts your kill.
You start resting.
You see here a bullfrog corpse.
Found a war axe.
Found 10 gold pieces.
Found a stone staircase leading down.
You see here 17 gold pieces.
As you read the scroll of silence, it crumbles to dust.
A profound silence engulfs you.
You cut Rupert into ribbons!!! You headbutt Rupert. You block Rupert's attack.
You hit Rupert. Your headbutt misses Rupert.
Rupert flies into a rage!
Rupert goes berserk!
You slice Rupert like a ripe choko!!!
Rupert hits you with a +3 battleaxe of pain!!
You writhe in agony.
You block Rupert's attack.
Rupert hits Thorok with a +3 battleaxe of pain.
Thorok writhes in agony.
Thorok hits Rupert with a +2 dagger of holy wrath.
You hit Rupert but do no damage.
Rupert hits you with a +3 battleaxe of pain!
You writhe in agony.
Rupert hits Thorok with a +3 battleaxe of pain.
Thorok writhes in agony.
Thorok hits Rupert with a +2 dagger of holy wrath.
Rupert hits Thorok with a +3 battleaxe of pain!!
Thorok writhes in agony.
Rupert hits you with a +3 battleaxe of pain!
You slice Rupert!! Your headbutt misses Rupert.
Rupert hits you with a +3 battleaxe of pain!!
* * * LOW HITPOINT WARNING * * *
You writhe in agony.
* * * LOW HITPOINT WARNING * * *
Rupert hits Thorok with a +3 battleaxe of pain!!
Thorok dies!
You swear to avenge Thorok's death!
You slash Rupert!
Rupert hits you with a +3 battleaxe of pain!!
* * * LOW HITPOINT WARNING * * *
You writhe in agony.
* * * LOW HITPOINT WARNING * * *
You block Rupert's attack.
You hit Rupert.
Rupert hits you with a +3 battleaxe of pain!!
* * * LOW HITPOINT WARNING * * *
You writhe in agony!
You die...

......#..⌠..##.....#
#.)⌠..#........⌠...#
#..........††.....#.
#.......⌠........#.
. #.........†...####
P..
####..⌠..<..⌠..##
....#.#...........##
.......#o....⌠...##
......†@###.....#.#
..
..$...@#..###'#####
.. ....... ..#....##
.. ....... ..#.....#
..........#⌠.<.⌠#
................##
...>..#...#..⌠.#.##
...........#####..#
##### ####


You could see Rupert (berserk, ally target, target of vengeance) and the
friendly Gorg the orc apostle.

Vanquished Creatures
  A minotaur (Lair:2)
  A hydra (Lair:2)
  A death yak (Lair:1)
  A boulder beetle (Lair:1)
  A two-headed ogre (D:6)
  Nergalle (Lair:1)
  Pikel (D:8)
  Maurice (D:8)
  An elephant (D:9)
  A manticore (D:11)
  A black mamba (Lair:1)
  A torpor snail (Lair:1)
  A cane toad (Lair:1)
  A komodo dragon (Lair:2)
  An efreet (D:8)
  A troll (D:10)
  4 blink frogs (Lair:1)
  2 wyverns
  A vampire (D:9)
  Sigmund (D:5)
  2 shadows
  23 yaks
  3 basilisks
  3 steam dragons
  An acid dragon (D:9)
  4 water moccasins
  7 orc warriors
  A black bear (D:9)
  A sky beast (D:8)
  3 ogres
  6 centaurs
  2 lemures (D:8)
  3 phantoms
  A kobold brigand (D:6)
  9 bullfrogs
  2 gnoll sergeants
  2 scorpions
  A burial acolyte (D:9)
  9 wights
  A killer bee (D:10)
  A jelly (D:4)
  2 howler monkeys
  An electric eel (D:8)
  7 bombardier beetles
  A human zombie (D:5)
  Crazy Yiuf (D:5)
  3 orc priests
  9 hounds
  A gnoll bouda (D:5)
  Jessica (D:2)
  5 iguanas
  7 orc wizards
  2 sleepcaps
  A scorpion zombie (D:5)
  A killer bee zombie (D:5)
  3 mummies (D:5)
  8 gnolls
  12 adders
  A shadow imp (D:7)
  2 adder zombies (D:9)
  3 dart slugs
  3 ribbon worms
  13 orcs
  4 ball pythons
  6 bats
  7 endoplasms
  3 giant cockroaches
  5 goblins
  9 hobgoblins
  10 jackals (D:1)
  A quokka (D:3)
  3 frilled lizards
  2 jackal zombies (D:9)
  7 kobolds
  4 rats
257 creatures vanquished.

Vanquished Creatures (collateral kills)
  Erica (Lair:1)
  A skyshark (Lair:3)
  A polar bear (Lair:3)
  A blink frog (Lair:1)
  A yak (Lair:2)
  A water moccasin (Lair:3)
  A bullfrog (Lair:3)
  4 foxfires
11 creatures vanquished.

Vanquished Creatures (others)
  An orc apostle (Lair:3)
  A steam dragon (D:6)
  A scorpion (D:6)
  An electric eel (D:8)
  An orc priest (D:10)
  An orc wizard (D:9)
  A gnoll (D:8)
  9 orcs
  An endoplasm (D:4)
  60 foxfires
77 creatures vanquished.

Grand Total: 345 creatures vanquished

Notes
Turn   | Place    | Note
-------+----------+-------------------------------------------
     0 | D:1      | Pooter the Minotaur Monk began the quest for the Orb.
     0 | D:1      | Reached XP level 1. HP: 19/19 MP: 0/0
    36 | D:1      | Reached XP level 2. HP: 23/27 MP: 1/1
    39 | D:1      | Reached skill level 4 in Axes
    39 | D:1      | Reached skill level 1 in Throwing
   197 | D:1      | Found a faded altar of an unknown god.
   250 | D:1      | Reached XP level 3. HP: 33/33 MP: 2/2
  1008 | D:2      | Reached XP level 4. HP: 38/40 MP: 3/3
  1213 | D:2      | Noticed Jessica
  1216 | D:2      | Reached skill level 5 in Axes
  1219 | D:2      | Killed Jessica
  1220 | D:2      | Reached XP level 5. HP: 36/47 MP: 4/4
  1904 | D:3      | Became a worshipper of Beogh the Shepherd
  1904 | D:3      | Reached * piety under Beogh
  1904 | D:3      | Reached ** piety under Beogh
  2487 | D:4      | Reached skill level 1 in Invocations
  2719 | D:4      | Identified the ring of Ufremis {^Drain rPois rN+ Str+4
                  | Int-2}
  2748 | D:4      | Found a staircase to the Ecumenical Temple.
  2841 | D:4      | Reached skill level 6 in Axes
  2841 | D:4      | Reached XP level 6. HP: 50/55 MP: 4/6
  2980 | D:4      | Reached skill level 5 in Fighting
  3566 | D:4      | Found a sparkling altar of Nemelex Xobeh.
  3655 | D:5      | Entered Level 5 of the Dungeon
  3660 | D:5      | Reached XP level 7. HP: 61/61 MP: 8/8
  3682 | D:5      | Found a broken altar of Ashenzari.
  3763 | D:5      | Reached skill level 7 in Axes
  3852 | D:5      | Found a runed translucent door.
  3853 | D:5      | Noticed Crazy Yiuf
  3904 | D:5      | Noticed Sigmund
  3906 | D:5      | Killed Sigmund
  4291 | D:5      | Reached XP level 8. HP: 70/70 MP: 10/10
  4461 | D:5      | Reached skill level 8 in Axes
  4604 | D:5      | Reached skill level 5 in Invocations
  4925 | D:5      | Found a white marble altar of Elyvilon.
  4926 | D:5      | Found a glowing silver altar of Zin.
  4927 | D:5      | Found a glowing golden altar of the Shining One.
  4982 | D:5      | Reached skill level 9 in Axes
  5351 | D:5      | Found a basalt altar of Yredelemnul.
  5507 | D:5      | Found a burning altar of Makhleb.
  5584 | D:5      | Found an iron altar of Okawaru.
  5740 | D:5      | Killed Crazy Yiuf
  6052 | D:6      | Reached XP level 9. HP: 73/79 MP: 12/12
  6426 | D:6      | Identified the +1 dagger "Lyduc" {antimagic, ^Fragile rC+
                  | rN+}
  6480 | D:6      | Noticed a two-headed ogre
  6497 | D:6      | HP: 2/79 [two-headed ogre/+0 giant club (23)]
  6498 | D:6      | Killed a two-headed ogre
  6499 | D:6      | Reached skill level 10 in Axes
  7200 | D:6      | Found Gacrocs's Elemental Accessories.
  7234 | D:6      | Reached skill level 11 in Axes
  8095 | D:7      | Found a snail-covered altar of Cheibriados.
  8169 | D:7      | Found an ornate altar of the Wu Jian Council.
  8200 | D:7      | Found Yrhunlan's Magic Scroll Shop.
  8204 | D:7      | Bought a scroll of identify for 26 gold pieces
  8204 | D:7      | Bought a scroll of poison for 52 gold pieces
  8204 | D:7      | Bought a scroll of identify for 26 gold pieces
  8204 | D:7      | Bought a scroll of teleportation for 39 gold pieces
  8204 | D:7      | Bought a scroll of blinking for 97 gold pieces
  8204 | D:7      | Bought a scroll of fog for 52 gold pieces
  8230 | D:7      | Found a stormy altar of Qazlal.
  8316 | D:7      | Reached XP level 10. HP: 90/90 MP: 15/15
  8338 | D:7      | Found a hide-covered altar of Uskayaw.
  8631 | D:7      | Identified a scroll of acquirement
  8631 | D:7      | Acquired the ring of Hovoty {rElec rPois Will+ AC+4 Int+4}
  9455 | D:8      | Noticed Pikel
  9460 | D:8      | Killed Pikel
  9461 | D:8      | Reached skill level 12 in Axes
  9546 | D:8      | Identified the +1 leather armour "Yfucioqi" {Harm}
  9589 | D:8      | Noticed Maurice
  9609 | D:8      | Killed Maurice
 10031 | D:9      | Noticed an elephant
 10062 | D:9      | Killed an elephant
 10063 | D:9      | Reached skill level 13 in Axes
 10303 | D:8      | Identified the +1 ring mail of the Imp {^Drain MP+9 Slay+2}
 10304 | D:8      | Identified the +1 robe of Quantum Leap {+Inv}
 10325 | D:9      | Reached skill level 10 in Fighting
 10397 | D:9      | Found a staircase to the Lair.
 10455 | D:9      | Found a shadowy altar of Dithmenos.
 10462 | D:9      | Reached XP level 11. HP: 74/99 MP: 17/17
 10694 | D:9      | Found an ancient bone altar of Kikubaaqudgha.
 10812 | D:9      | You fall into a shaft and drop 2 floors!
 11042 | D:10     | Entered Level 10 of the Dungeon
 11363 | D:10     | Reached skill level 10 in Invocations
 11435 | D:10     | Reached skill level 14 in Axes
 11463 | D:10     | Found a roughly hewn altar of Beogh.
 11463 | D:10     | Found a staircase to the Orcish Mines.
 11491 | D:10     | Reached *** piety under Beogh
 11510 | D:10     | Noticed Gorg
 11526 | D:10     | Anointed Gorg the wizard as your apostle
 11869 | Lair:1   | Entered Level 1 of the Lair of Beasts
 11884 | Lair:1   | Noticed a death yak
 11899 | Lair:1   | Killed a death yak
 12026 | Lair:1   | Noticed a boulder beetle
 12032 | Lair:1   | Killed a boulder beetle
 12085 | Lair:1   | Reached skill level 15 in Axes
 12150 | Lair:1   | Noticed Nergalle
 12154 | Lair:1   | Killed Nergalle
 12317 | Lair:1   | Reached XP level 12. HP: 94/110 MP: 19/19
 12322 | Lair:1   | Noticed Thorok
 12329 | Lair:1   | Anointed Thorok the wizard as your apostle
 12541 | Lair:1   | Noticed Erica
 12549 | Lair:1   | Killed Erica
 13101 | Lair:2   | Reached skill level 16 in Axes
 13198 | Lair:2   | Noticed a five-headed hydra
 13206 | Lair:2   | Killed a two-headed hydra
 13344 | Lair:2   | Found a runed translucent door.
 13386 | Lair:2   | Noticed a minotaur
 13392 | Lair:2   | Killed a minotaur
 13393 | Lair:2   | Reached skill level 1 in Shields
 13393 | Lair:2   | Reached skill level 1 in Evocations
 13640 | Lair:2   | Found a hole to the Spider Nest.
 14114 | Lair:3   | Noticed Rupert
 14208 | Lair:3   | Your ally Thorok died
 14210 | Lair:3   | HP: 2/112 [Rupert/+3 battleaxe of pain (21)]
 14210 | Lair:3   | Slain by Rupert

Illustrated notes

Levels and vault maps discovered:
D:1:      dpeg_arrival_court, layout_basic,
          dreamdust_ecumenical_altar_angels_and_demons
D:2:      layout_basic, uniq_jessica
D:3:      layout_basic
D:4:      layout_basic, lemuel_round_altar, minmay_temple_entry_enclosed_plants
D:5:      layout_gridville, good_gods_temple_1,
          lemuel_mausoleum_altar_yredelemnul, lemuel_round_altar,
          jmf_multi_god_temple, minmay_manual_monolith, uniq_sigmund,
          uniq_crazy_yiuf_cottage
D:6:      minmay_thinvault, layout_basic, nicolae_elemental_shop
D:7:      layout_gridville, mainiacjoe_overflow_catwalk, kennysheep_slug_shrine,
          mainiacjoe_overflow_catch_the_wave, serial_shops,
          nicolae_shop_back_alley_shop
D:8:      layout_loops_ring, kennysheep_island_fort, uniq_pikel, uniq_maurice
D:9:      layout_rooms, grunt_dithmenos_shadows,
          lemuel_zombie_altar_kikubaaqudgha, david_lair_generic
D:10:     layout_gridville, david_orc_5
D:11:     layout_loops_ring, nicolae_wu_jian_immortal_techniques
Lair:1:   layout_roguey, grunt_megastairs_2, uniq_nergalle, uniq_erica
Lair:2:   dreamdust_labyrinth, layout_regular_city, spider_nest_entry_web_field
Lair:3:   layout_roguey, mainiacjoe_shoals_entry_four_pools, minivault_25,
          grunt_megastairs_3, serial_bayou_shore_a, uniq_rupert

Skill      XL: |  1  2  3  4  5  6  7  8  9 10 11 12 |
---------------+-------------------------------------+-----
Axes           | 4 5 6 7 9 11 13 15 16 | 16.0
Throwing       | 1 2 3 |  3.8
Fighting       | 4 5 6 7 8 10 11 12 | 12.2
Invocations    | 1 2 4 6 8 9 11 | 11.4
Shields        | 2 |  2.4
Evocations     | 1 |  1.6
Dodging        | 4 |  4.1

Action                     |  1- 3 |  4- 6 |  7- 9 | 10-12 || total
---------------------------+-------+-------+-------+-------++-------
  Melee: Hand axe          |    43 |   119 |   238 |       ||   400
         Headbutt          |    10 |    28 |    66 |    60 ||   164
         War axe           |       |       |    39 |   244 ||   283
         Scimitar          |       |       |       |     3 ||     3
  Throw: Stone             |       |     6 |       |       ||     6
         Boomerang         |       |       |    35 |    39 ||    74
         Dart              |       |       |     2 |       ||     2
 Invoke: Convert to Beogh  |       |     1 |       |       ||     1
         Smiting           |       |     2 |    12 |    19 ||    33
         Recruit Apostle   |       |       |       |     2 ||     2
         Recall Apostles   |       |       |       |     3 ||     3
  Evoke: Wand              |       |       |       |     5 ||     5
    Use: Scroll            |       |     4 |    15 |    10 ||    29
         Potion            |       |       |     1 |     6 ||     7
   Stab: Distracted        |       |       |       |     1 ||     1
 Armour: Robe              |    29 |    15 |       |       ||    44
         Plate armour      |       |    65 |   212 |   254 ||   531
  Dodge: Dodged            |    25 |    35 |    57 |    75 ||   192
  Block: Kite shield       |       |       |    85 |   111 ||   196

Table legend: (Time is in decaauts)
 A = Elapsed time spent in this place.
 B = Non-inter-level travel time spent in this place.
 C = Inter-level travel time spent in this place.
 D = Time resting spent in this place.
 E = Time spent auto-exploring this place.
 F = Levels seen in this place.
 G = Mean time per level.
                   A        B        C        D        E       F      G
               +--------+--------+--------+--------+--------+-----+--------+
         Total |  14336 |  13860 |    476 |   3385 |   7861 |  14 | 1024.0 |
       Dungeon |  11967 |  11579 |    388 |   2931 |   6443 |  11 | 1087.9 |
          Lair |   2369 |   2282 |     87 |    454 |   1418 |   3 |  789.7 |
               +--------+--------+--------+--------+--------+-----+--------+

Top non-repeatable levels by time:
     D:5: 2144 daAuts
     D:6: 2013 daAuts
     D:4: 1462 daAuts
  Lair:2: 1342 daAuts
     D:7: 1060 daAuts
     D:8: 1028 daAuts
     D:1: 1006 daAuts
  Lair:1: 951 daAuts
     D:9: 853 daAuts
    D:10: 798 daAuts
     D:3: 687 daAuts
     D:2: 680 daAuts
    D:11: 230 daAuts
  Lair:3: 75 daAuts
